 Dungeon Crawl Stone Soup version 0.17.0-56-gd8de76c (webtiles) character file.

42214 tap556 the Severer (level 13, -1/116 HPs)
             Began as a Minotaur Berserker on Dec 3, 2015.
             Was the Champion of Trog.
             Slain by an orc warrior
             ... wielding a +0 trident
              (8 damage)
             ... on level 4 of the Orcish Mines on Dec 4, 2015.
             The game lasted 01:28:49 (18219 turns).

tap556 the Severer (Minotaur Berserker)            Turns: 18219, Time: 01:28:49

Health: -1/116     AC:  2    Str: 28    XL:     13   Next: 84%
Magic:  10/10      EV: 14    Int:  6    God:    Trog [******]
Gold:   1511       SH:  0    Dex: 21    Spells: 0 memorised, 12 levels left

rFire  + + .     SeeInvis .     Z - +10 battleaxe "Kedafus" {chop, *Contam rN+ MR++ Stlth+}
rCold  . . .     Clarity  .     S - +1 plate armour {rF+}
rNeg   + . .     SustAt   .     (shield currently unavailable)
rPois  .         Gourm    .     (helmet unavailable)
rElec  .         Spirit   .     K - +2 cloak
rCorr  .         Warding  .     W - +1 pair of gloves {rF+}
rMut   .         Stasis   .     t - +1 pair of boots of Tiorph {MR+ Str+4 Int+2}
MR     +++++                    (no amulet)
Stlth  ..........               T - ring of protection from magic
                                B - +4 ring of dexterity

@: corroded equipment, regenerating, almost entirely resistant to hostile
enchantments, extremely unstealthy
A: retaliatory headbutt, horns 3, thin skeletal structure 1, yellow scales 1,
low mp 1, strong 1
a: Berserk, Trog's Hand, Brothers in Arms, Burn Spellbooks, Renounce Religion


You were on level 4 of the Orcish Mines.
You worshipped Trog.
Trog was exalted by your worship.
You were not hungry.

You visited 3 branches of the dungeon, and saw 20 of its levels.
You also visited: Labyrinth, Bailey, Ice Cave and Volcano.

You collected 1983 gold pieces.
You spent 472 gold pieces at shops.

Inventory:

Hand Weapons
 j - the cursed +3 short sword of True Grit {flame, +Inv Dex+2, unknown}
   (You took it off a minotaur in a labyrinth)

   It has been specially enchanted to burn those struck by it, causing extra
   injury to most foes and up to half again as much damage against particularly
   susceptible opponents.
   It affects your dexterity (+2).
   It lets you turn invisible.
   It has a curse placed upon it.
 p - a +3 great mace of draining
 x - a +4 battleaxe of freezing
 C - a +4 antimagic executioner's axe
 H - the +2 dagger of Jainoub {flame, rPois SInv}
   (You found it on level 4 of the Dungeon)

   It has been specially enchanted to burn those struck by it, causing extra
   injury to most foes and up to half again as much damage against particularly
   susceptible opponents.
   It protects you from poison.
   It lets you see invisible.
 Q - a +0 blowgun
 X - a +4 broad axe of flaming
 Z - the +10 battleaxe "Kedafus" (weapon) {chop, *Contam rN+ MR++ Stlth+}
   (Trog gifted it to you on level 5 of the Lair of Beasts)

   It inflicts extra damage upon your enemies.
   It protects you from negative energy.
   It affects your resistance to hostile enchantments.
   It causes magical contamination when unequipped.
   It makes you more stealthy.
Missiles
 k - 54 poisoned needles
 o - 17 tomahawks of returning
 s - 30 tomahawks
 z - 3 tomahawks of dispersal
 V - 2 curare-tipped needles
 Y - a poisoned javelin (quivered)
Armour
 t - the +1 pair of boots of Tiorph (worn) {MR+ Str+4 Int+2}
   (You acquired it on level 2 of the Orcish Mines)

   It affects your strength (+4).
   It affects your intelligence (+2).
   It affects your resistance to hostile enchantments.
 F - a +2 plate armour of cold resistance
 K - a +2 cloak (worn)
 S - a +1 plate armour of fire resistance (worn)
 W - a +1 pair of gloves of fire resistance (worn)
Jewellery
 y - a +1 ring of evasion
 B - a +4 ring of dexterity (left hand)
 T - a ring of protection from magic (right hand)
Wands
 b - a wand of heal wounds (4)
 q - a wand of flame (17)
 G - a wand of paralysis (15)
 J - a wand of digging (17)
Scrolls
 a - 3 scrolls of fog
 f - 5 scrolls of teleportation
 g - 11 scrolls of remove curse
 i - 5 scrolls of fear
 r - 4 scrolls of immolation
 N - a scroll of identify
 P - a scroll of blinking
 U - 2 scrolls of magic mapping
Potions
 d - 3 potions of might
 e - 3 potions of cancellation
 h - a potion of invisibility {unknown}
 l - 2 potions of haste {unknown}
 m - a potion of cure mutation
 n - 6 potions of heal wounds
 u - 8 potions of curing
 v - 3 potions of flight
 w - a potion of brilliance {unknown}
 L - a potion of berserk rage {unknown}
 M - 2 potions of lignification
 R - 2 potions of resistance
Miscellaneous
 D - a plain deck of changes {drawn: 1}
Comestibles
 c - 8 bread rations
 A - 35 fruits
 E - 3 slices of pizza
 I - 12 meat rations
 O - 14 chunks of flesh


   Skills:
 - Level 11.6 Fighting
 + Level 18.9 Axes
 - Level 10.0 Throwing
 - Level 10.3 Armour
 - Level 8.2 Dodging


You had 12 spell levels left.
You didn't know any spells.

Dungeon Overview and Level Annotations

Branches:
Dungeon (11/15)              Lair (5/8) D:8           Swamp (0/4) Lair:5
  Snake (0/4) Lair:3          Orc (4/4) D:9             Elf (0/3) Orc:3
 Temple: D:4-7

Altars:
Dithmenos
Elyvilon
Fedhas
Gozag
Makhleb
Ru
Sif Muna
Vehumet
Zin
Beogh

Shops:
D:8 (   D:9 [   Orc:2 }   Orc:3 [


Innate Abilities, Weirdness & Mutations

You reflexively headbutt those who attack you in melee.
You have a pair of large horns on your head.
You have a somewhat thin skeletal structure (Dex +2, Stealth).
You are partially covered in yellow scales (AC +2).
Your magical capacity is low (-10% MP).
Your muscles are strong. (Str +2)


Message History

Your hill giant completely misses the orc high priest.
Things that are here:
a trident; a plate armour Drink which item? (? for menu, Esc to quit)
You feel much better.
The orc high priest hits you from afar with a glaive!
The orc warrior hits you from afar with a trident!!
* * * LOW HITPOINT WARNING * * *
The orc high priest hits your hill giant but does no damage.
Your hill giant closely misses the orc high priest.
Your skin crawls.
You feel resistant to hostile enchantments.
You feel slightly more hungry. The orc warrior barely misses you.
The orc high priest hits you from afar with a glaive.
* * * LOW HITPOINT WARNING * * *
Your hill giant barely misses the orc high priest.
The orc high priest hits you from afar with a glaive!
* * * LOW HITPOINT WARNING * * *
The orc warrior hits you with a trident!
You die...

#...÷..÷.#
#.......#.#...
#.....÷..# #..........#
#....§..÷###......)...#
#.........
#.....)....## #÷.÷÷.÷÷4
##...)...#.#.## #...÷..
#....#.))##...#
#...o####).)##.))##..##
#..)oo##....#..)#....#
###.Co@)...###........#
##......##....#.....#
###...###.#..##.....
##### ###........#
##.....### ...#### #.##


You could see 2 orc high priests, an orc warrior (frenzied), an orc priest
(frenzied) and a friendly hill giant (berserk).

Vanquished Creatures
  A frost giant (IceCv)
  A minotaur (Lab)
  2 hydras
  Erolcha (Orc:2)
  An orc high priest (Orc:4)
  A hell knight (Volcano)
  A hill giant (D:10)
  Pikel (D:7)
  5 orc knights
  4 orc sorcerers
  A manticore (Volcano)
  2 elephants (Lair:5)
  5 black mambas
  Joseph (D:8)
  An ice statue (IceCv)
  4 spiny frogs
  3 komodo dragons
  2 fire drakes
  4 trolls
  18 polar bears (IceCv)
  2 two-headed ogres
  7 blink frogs
  2 wyverns
  40 yaks
  A fire bat (Volcano)
  3 basilisks
  5 hippogriffs
  4 vampire mosquitoes (Lair:5)
  14 wolves
  5 wargs
  A hungry ghost (D:9)
  2 nagas (Lair:3)
  7 water moccasins
  7 porcupines
  17 orc warriors
  2 sky beasts
  2 hell hounds (Volcano)
  4 slaves (D:7)
  A black bear (D:10)
  An ice beast (D:8)
  4 ogres
  2 phantoms
  7 centaurs
  3 wasps
  6 crocodiles
  11 giant frogs
  4 scorpions
  A water moccasin skeleton (D:8)
  5 wights
  A giant frog zombie (D:8)
  A centaur skeleton (D:10)
  2 crimson imps
  A quasit (D:8)
  3 hounds
  4 lava snakes (Volcano)
  Jessica (D:2)
  15 orc priests
  4 iguanas
  26 orc wizards
  4 sheep (Lair:4)
  2 worker ants (D:4)
  A hound skeleton (D:7)
  3 worker ant zombies (D:10)
  14 adders
  9 gnolls
  52 river rats
  6 shadow imps
  12 white imps (Orc:1)
  3 worms
  5 giant geckos
  126 orcs
  5 giant cockroaches
  5 goblins
  7 hobgoblins
  7 jackals
  15 kobolds
  6 quokkas
  2 ball pythons
  6 bats
  A giant gecko skeleton (D:5)
  5 giant newts
  2 jackal skeletons
  11 rats
  2 bushes
598 creatures vanquished.

Vanquished Creatures (collateral kills)
  An orc sorcerer (Orc:4)
  A yak (IceCv)
  An orc warrior (D:9)
  7 wights (D:9)
  2 orcs (D:9)
12 creatures vanquished.

Vanquished Creatures (others)
  An orc (Orc:3)
  3 fungi
4 creatures vanquished.

Grand Total: 614 creatures vanquished

Notes
Turn   | Place    | Note
--------------------------------------------------------------
     0 | D:1      | tap556 the Minotaur Berserker began the quest for the Orb.
     0 | D:1      | Reached XP level 1. HP: 19/19 MP: 0/0
   105 | D:1      | Reached skill level 4 in Axes
   238 | D:1      | Reached XP level 2. HP: 21/26 MP: 1/1
   632 | D:2      | Reached skill level 5 in Axes
   678 | D:2      | Reached ** piety under Trog
   686 | D:2      | Reached XP level 3. HP: 31/31 MP: 2/2
   824 | D:2      | Found a faded altar to an unknown god.
  1022 | D:2      | Noticed Jessica
  1031 | D:2      | Killed Jessica
  1031 | D:2      | Reached skill level 6 in Axes
  1031 | D:2      | Reached XP level 4. HP: 39/39 MP: 3/3
  1296 | D:2      | Upgraded the game from 0.17.0-28-g6e173f8 to 0.17.0-56-gd8de76c
  1298 | D:3      | You fall through a shaft for 2 floors!
  1298 | D:5      | Entered Level 5 of the Dungeon
  1332 | D:4      | Reached skill level 7 in Axes
  1332 | D:4      | Reached XP level 5. HP: 35/45 MP: 4/4
  1429 | D:4      | Found a deep blue altar of Sif Muna.
  2086 | D:3      | Reached *** piety under Trog
  2136 | D:3      | Reached skill level 8 in Axes
  2180 | D:3      | Reached XP level 6. HP: 44/51 MP: 5/5
  2765 | D:4      | Got a shimmering dagger
  2766 | D:4      | Identified the +2 dagger of Jainoub {flame, rPois SInv} (You found it on level 4 of the Dungeon)
  2823 | D:4      | Reached skill level 9 in Axes
  3309 | D:5      | Found a burning altar of Makhleb.
  3315 | D:5      | Noticed a centaur
  3322 | D:5      | Killed a centaur
  3322 | D:5      | Reached XP level 7. HP: 36/57 MP: 6/6
  3777 | D:5      | Noticed a centaur
  3782 | D:5      | Killed a centaur
  3782 | D:5      | Reached skill level 10 in Axes
  4657 | D:6      | Found an opulent altar of Gozag.
  4657 | D:6      | Found a blossoming altar of Fedhas.
  4657 | D:6      | Found a sacrificial altar of Ru.
  4657 | D:6      | Found a glowing silver altar of Zin.
  4665 | D:6      | Reached **** piety under Trog
  4679 | D:6      | Found a radiant altar of Vehumet.
  4681 | D:6      | Found a white marble altar of Elyvilon.
  5080 | D:7      | Reached skill level 11 in Axes
  5344 | D:7      | Reached XP level 8. HP: 61/64 MP: 7/7
  5370 | D:7      | Noticed Pikel
  5398 | D:7      | Killed Pikel
  5794 | D:8      | Reached XP level 9. HP: 41/83 MP: 8/8
  5913 | D:8      | Paralysed by an orc for 4 turns
  5946 | D:8      | Reached skill level 10 in Fighting
  6071 | D:8      | Found a staircase to the Lair.
  6103 | D:8      | Noticed Joseph
  6140 | D:8      | Killed Joseph
  6573 | D:8      | Found Ruoss's Antique Weapon Emporium.
  6578 | D:8      | Bought a blowgun for 82 gold pieces
  6670 | Lair:1   | Entered Level 1 of the Lair of Beasts
  6695 | Lair:1   | Reached skill level 5 in Armour
  6965 | Lair:1   | Reached XP level 10. HP: 74/96 MP: 9/9
  7113 | Lair:1   | Noticed a komodo dragon
  7117 | Lair:1   | Reached ***** piety under Trog
  7133 | Lair:1   | Killed a komodo dragon
  7134 | Lair:1   | Noticed a spiny frog
  7144 | Lair:1   | Killed a spiny frog
  7744 | Lair:1   | Reached skill level 10 in Armour
  7988 | D:9      | Gained mutation: You are partially covered in yellow scales (AC +2). [potion of mutation]
  7988 | D:9      | Gained mutation: You have a pair of large horns on your head. [potion of mutation]
  8001 | D:9      | Gained mutation: Your muscles are strong. (Str +2) [potion of mutation]
  8001 | D:9      | Gained mutation: You are clumsy. (Dex -2) [potion of mutation]
  8002 | D:9      | Gained mutation: You are resistant to hostile enchantments. [potion of mutation]
  8002 | D:9      | Gained mutation: You occasionally shout uncontrollably at your foes. [potion of mutation]
  8003 | D:9      | Lost mutation: You are resistant to hostile enchantments. [potion of cure mutation]
  8003 | D:9      | Lost mutation: You occasionally shout uncontrollably at your foes. [potion of cure mutation]
  8003 | D:9      | Lost mutation: You are clumsy. (Dex -2) [potion of cure mutation]
  8003 | D:9      | Lost mutation: You have a pair of large horns on your head. [potion of cure mutation]
  8061 | D:9      | Found a staircase to the Orcish Mines.
  8063 | D:9      | Found Boomacw's Armour Shoppe.
  8164 | D:9      | Bought a +0 plate armour of fire resistance for 390 gold pieces
  8258 | D:9      | Reached skill level 5 in Dodging
  8535 | Orc:1    | Entered Level 1 of the Orcish Mines
  8812 | Orc:1    | Reached XP level 11. HP: 103/103 MP: 10/10
  8842 | Orc:1    | Received a gift from Trog
  8855 | Orc:1    | Found a frozen archway.
  8905 | IceCv    | Entered an ice cave
  9131 | IceCv    | Reached skill level 12 in Axes
  9593 | IceCv    | Reached skill level 13 in Axes
  9812 | IceCv    | Reached skill level 14 in Axes
 10081 | IceCv    | Noticed a frost giant
 10112 | IceCv    | Killed a frost giant
 10112 | IceCv    | Reached skill level 15 in Axes
 10919 | Orc:2    | Reached XP level 12. HP: 110/110 MP: 11/11
 10928 | Orc:2    | Found a roughly hewn altar of Beogh.
 11075 | Orc:2    | Received a gift from Trog
 11274 | Orc:2    | Noticed Erolcha
 11280 | Orc:2    | Killed Erolcha
 11280 | Orc:2    | Reached skill level 16 in Axes
 11287 | Orc:2    | Found Gabac's Quality Used Wands.
 11362 | Orc:2    | Identified a scroll of acquirement
 11363 | Orc:2    | Got a pair of transparent boots
 11369 | Orc:2    | Identified the +1 pair of boots of Tiorph {MR+ Str+4 Int+2} (You acquired it on level 2 of the Orcish Mines)
 11841 | D:10     | Entered Level 10 of the Dungeon
 11983 | D:10     | Found a shadowy altar of Dithmenos.
 12036 | D:10     | Gained mutation: Your magical capacity is low (-10% MP). [potion of mutation]
 12036 | D:10     | Gained mutation: Scrolls take you a little longer to read. [potion of mutation]
 12036 | D:10     | Lost mutation: Scrolls take you a little longer to read. [potion of mutation]
 12200 | D:10     | Reached skill level 1 in Throwing
 12463 | D:10     | Found a blossoming altar of Fedhas.
 12856 | D:11     | Found a flagged portal.
 12879 | Bailey   | Entered a bailey
 12921 | Bailey   | Received a gift from Trog
 13060 | Bailey   | Found a bloodstained altar of Trog.
 13124 | Bailey   | Gained mutation: You have a pair of large horns on your head. [potion of beneficial mutation]
 13125 | Bailey   | Gained mutation: You have a somewhat thin skeletal structure (Dex +2, Stealth). [potion of beneficial mutation]
 13176 | D:11     | Reached skill level 5 in Throwing
 13982 | Lair:2   | Noticed a seven-headed hydra
 13991 | Lair:2   | Killed a three-headed hydra
 14695 | Lair:3   | Received a gift from Trog
 14847 | Lair:3   | Found a staircase to the Snake Pit.
 15036 | Lair:3   | Found a dark tunnel.
 15044 | Volcano  | Entered a volcano
 15154 | Volcano  | Reached XP level 13. HP: 86/116 MP: 10/10
 15169 | Volcano  | Found a radiant altar of Vehumet.
 15397 | Lair:3   | Reached skill level 10 in Throwing
 15443 | Lair:3   | Received a gift from Trog
 16254 | Lair:5   | Received a gift from Trog
 16257 | Lair:5   | Got an iridescent battleaxe {god gift}
 16258 | Lair:5   | Identified the +10 battleaxe "Kedafus" {chop, *Contam rN+ MR++ Stlth+} (Trog gifted it to you on level 5 of the Lair of Beasts)
 16390 | Lair:5   | Reached skill level 17 in Axes
 16452 | Lair:5   | Found a labyrinth entrance.
 16462 | Lab      | Entered a labyrinth
 16705 | Lab      | Got a slimy short sword {flame}
 17137 | Lair:5   | Found a staircase to the Swamp.
 17490 | Orc:3    | Found a roughly hewn altar of Beogh.
 17499 | Orc:3    | Reached skill level 18 in Axes
 17505 | Orc:3    | Reached ****** piety under Trog
 17618 | Orc:3    | Received a gift from Trog
 17665 | Orc:3    | Found Deruggutz's Antique Armour Boutique.
 17825 | Orc:3    | Found a staircase to the Elven Halls.
 18113 | Orc:3    | You fall through a shaft!
 18113 | Orc:4    | Entered Level 4 of the Orcish Mines
 18219 | Orc:4    | Slain by an orc warrior

Action                   |  1- 3 |  4- 6 |  7- 9 | 10-12 | 13-15 || total
-------------------------+-------+-------+-------+-------+-------++-------
Melee: Hand axe          |    89 |   146 |    70 |       |       ||   305
       War axe           |       |       |   140 |   334 |       ||   474
       Dagger            |       |       |     8 |       |       ||     8
       Battleaxe         |       |       |       |    24 |   185 ||   209
       Broad axe         |       |       |       |   239 |    62 ||   301
 Fire: Blowgun           |       |       |       |    14 |       ||    14
Throw: Javelin           |     3 |    14 |    13 |    70 |     8 ||   108
       Tomahawk          |       |       |       |    26 |     5 ||    31
Invok: Berserk           |       |     1 |     3 |     4 |       ||     8
       Trog's Hand       |       |     1 |       |     2 |     2 ||     5
       Burn Spellbooks   |       |       |     2 |     1 |     3 ||     6
       Brothers in Arms  |       |       |       |     2 |     1 ||     3
Evoke: Wand              |       |       |       |     3 |       ||     3
       Deck              |       |       |       |     1 |       ||     1
  Use: Scroll            |     1 |     7 |     6 |    21 |     1 ||    36
       Potion            |       |       |       |     8 |     1 ||     9
 Stab: Distracted        |       |       |     1 |       |       ||     1
  Eat: Chunk             |       |     9 |    11 |    25 |     2 ||    47
       Beef jerky        |       |       |     1 |       |     4 ||     5
       Royal jelly       |       |       |     2 |       |     2 ||     4
       Fruit             |       |       |       |     5 |       ||     5
